 Dungeon Crawl Stone Soup version 0.22.0-6-g71bd7aa (webtiles) character file.

175 shmeve the Skirmisher (level 5, -6/48 HPs)
             Began as a Minotaur Berserker on Aug 15, 2018.
             Was a Believer of Trog.
             Mangled by Menkaure (9 damage)
             ... on level 4 of the Dungeon.
             The game lasted 00:05:06 (2701 turns).

shmeve the Skirmisher (Minotaur Berserker)          Turns: 2701, Time: 00:05:07

Health: -6/48      AC:  9    Str: 22    XL:     5   Next: 29%
Magic:  4/4        EV:  9    Int:  4    God:    Trog [**....]
Gold:   157        SH:  0    Dex: 10    Spells: 4/4 levels left

rFire    + . .     SeeInvis .   a - +0 hand axe
rCold    . . .     Gourm    .   (no shield)
rNeg     . . .     Faith    .   t - +0 chain mail
rPois    .         Spirit   .   (helmet restricted)
rElec    .         Reflect  .   (no cloak)
rCorr    .         Harm     .   (no gloves)
MR       ++...                  (no boots)
Stlth    ..........             (no amulet)
HPRegen  1.16/turn              h - ring of protection from fire
MPRegen  0.09/turn              (no ring)

@: regenerating
A: retaliatory headbutt, horns 2
a: Berserk, Trog's Hand, Renounce Religion


You were on level 4 of the Dungeon.
You worshipped Trog.
Trog was pleased with you.
You were not hungry.

You visited 1 branch of the dungeon, and saw 4 of its levels.

You collected 157 gold pieces.

Inventory:

Hand Weapons
 a - a +0 hand axe (weapon)
Missiles
 i - 7 exploding tomahawks (quivered)
Armour
 t - a +0 chain mail (worn)
Jewellery
 h - a ring of protection from fire (left hand)
Wands
 d - a wand of paralysis (5)
Scrolls
 e - 2 scrolls of identify {unknown}
 j - a scroll of enchant weapon {unknown}
 k - 2 scrolls of magic mapping {unknown}
 m - a scroll of amnesia {unknown}
 o - a scroll of fog {unknown}
 p - 2 scrolls of teleportation {unknown}
 r - a scroll of noise {unknown}
 s - a scroll of remove curse {unknown}
Potions
 f - a potion of resistance {unknown}
 g - 2 potions of flight {unknown}
 l - 2 potions of might {unknown}
 n - 2 potions of mutation {unknown}
 q - 2 potions of heal wounds {unknown}
Comestibles
 c - 2 rations


   Skills:
 * Level 5.0 Fighting
 * Level 5.0 Axes
 + Level 1.1 Throwing
 + Level 3.3 Armour
 + Level 3.1 Dodging


You had 4 spell levels left.
You didn't know any spells.
Your spell library was empty.

Dungeon Overview and Level Annotations

Branches:
Dungeon (4/15)
 Temple: D:4-7

Altars:
Okawaru
Qazlal

Annotations:
D:4 Menkaure


Innate Abilities, Weirdness & Mutations

You reflexively headbutt those who attack you in melee.
You have a pair of horns on your head.


Message History

* * * LOW HITPOINT WARNING * * *
Menkaure misses you.
You barely miss Menkaure.
You headbutt Menkaure, but do no damage.
Menkaure is severely damaged.
You feel the effects of Trog's Hand fading.
Menkaure barely misses you.
You hit Menkaure but do no damage.
Menkaure is severely damaged.
Menkaure barely misses you.
You hit Menkaure but do no damage.
Menkaure is severely damaged.
Menkaure mumbles a few words.
Menkaure hits you.
Your chain mail prevents you from hitting Menkaure.
Menkaure is severely damaged.
Menkaure hits you!
* * * LOW HITPOINT WARNING * * *
Menkaure hits you!
You die...

#.# .. ..
.###### .......
### ###.......
#....##.........
........@M......
#....#..##......
..##...## #####
#.>... #..#...
.. #... . #...
....


You could see Menkaure.

Vanquished Creatures
  An orc priest (D:3)
  3 gnolls (D:3)
  3 adders
  2 oozes
  4 worms
  4 leopard geckos
  3 orcs (D:3)
  4 bats
  2 giant cockroaches
  3 hobgoblins
  4 jackals (D:3)
  A quokka (D:2)
  A ball python (D:3)
  5 frilled lizards
  9 goblins
  6 kobolds
  11 rats
66 creatures vanquished.

Notes
Turn   | Place    | Note
-------+----------+-------------------------------------------
     0 | D:1      | shmeve the Minotaur Berserker began the quest for the Orb.
     0 | D:1      | Reached XP level 1. HP: 19/19 MP: 0/0
   233 | D:1      | Reached XP level 2. HP: 24/27 MP: 1/1
   773 | D:2      | Reached XP level 3. HP: 28/33 MP: 2/2
   782 | D:2      | Reached ** piety under Trog
  1741 | D:3      | Reached XP level 4. HP: 36/41 MP: 3/3
  2120 | D:3      | Found an iron altar of Okawaru.
  2207 | D:3      | Reached skill level 1 in Throwing
  2207 | D:3      | Reached XP level 5. HP: 42/47 MP: 4/4
  2311 | D:3      | Paralysed by a gnoll for 4 turns
  2317 | D:3      | Paralysed by a gnoll for 7 turns
  2325 | D:3      | Reached skill level 5 in Fighting
  2361 | D:3      | Reached skill level 5 in Axes
  2615 | D:3      | Found a stormy altar of Qazlal.
  2687 | D:4      | Noticed Menkaure
  2701 | D:4      | Mangled by Menkaure

Skill      XL: |  1  2  3  4  5 |
---------------+----------------+-----
Axes           | 4 5 |  5.0
Fighting       | 4 5 |  5.0
Armour         | 3 |  3.3
Dodging        | 3 |  3.1
Throwing       | 1 |  1.1

Action                   |  1- 3 |  4- 6 || total
-------------------------+-------+-------++-------
Melee: Hand axe          |    89 |    62 ||   151
       Headbutt          |     9 |    16 ||    25
Throw: Tomahawk          |       |     1 ||     1
Invok: Berserk           |     2 |     1 ||     3
       Trog's Hand       |     1 |     1 ||     2
 Stab: Sleeping          |     1 |       ||     1
  Eat: Chunk             |     4 |     5 ||     9
Armor: Animal skin       |    20 |     5 ||    25
       Chain mail        |       |    23 ||    23
Dodge: Dodged            |    59 |    39 ||    98
